[Event "Team 45 45 League T56"]
[Site "Internet Chess Club"]
[Date "2013.04.01"]
[Round "6"]
[White "vigneshv"]
[Black "frank001"]
[Result "0-1"]
[WhiteElo "1688"]
[BlackElo "1850"]
[Opening "Benkö gambit half accepted"]
[ECO "A57"]
[Time "21:10:17"]
[TimeControl "2700+45"]

1. d4 Nf6 2. c4 c5 3. d5 b5 4. cxb5 a6 5. b6 e6 6. Nc3 Nxd5 7. Nxd5 exd5 8. Qxd5
Nc6 9. Nf3 Rb8 10. e4 Be7 11. Bc4 O-O 12. O-O Rxb6 13. Qh5 d6 14. b3 Be6 15.
Bxe6 fxe6 16. Qg4 Qc8 17. Bb2 Bf6 18. Bxf6 Rxf6 19. Nd2 Qf8 20. Nf3 Rb7 21. Rad1
Rbf7 22. Rd5 exd5 {White resigns} 0-1

[Event "Team 45 45 League T56"]
[Site "Internet Chess Club"]
[Date "2013.03.28"]
[Round "6"]
[White "birk113"]
[Black "sockmonkey"]
[Result "0-1"]
[WhiteElo "1488"]
[BlackElo "1713"]
[Opening "Caro-Kann: classical, Spassky variation"]
[ECO "B19"]
[Time "15:00:47"]
[TimeControl "2700+45"]

1. e4 c6 2. d4 d5 3. Nc3 dxe4 4. Nxe4 Bf5 5. Ng3 Bg6 6. h4 h6 7. Nf3 Nd7 8. h5
Bh7 9. Bd3 Bxd3 10. Qxd3 e6 11. Bd2 Ngf6 12. Ne4 Be7 13. O-O-O O-O 14. Bc3 Nxe4
15. Qxe4 Nf6 16. Qe2 Qd5 17. Kb1 Nxh5 18. g3 Nf6 19. Ne5 Ne4 20. Qf3 f6 21. Qd3
fxe5 22. dxe5 Qxd3 {White resigns} 0-1

[Event "Team 45 45 League T56"]
[Site "Internet Chess Club"]
[Date "2013.03.31"]
[Round "6"]
[White "room-matt"]
[Black "Grenadier"]
[Result "0-1"]
[WhiteElo "1735"]
[BlackElo "1690"]
[Opening "French: Burn variation"]
[ECO "C11"]
[Time "14:35:28"]
[TimeControl "2700+45"]

1. d4 Nf6 2. Nc3 d5 3. Bg5 e6 4. e4 dxe4 5. Nxe4 Be7 6. Nxf6+ Bxf6 7. Bxf6 Qxf6
8. Nf3 b6 9. Bb5+ c6 10. Bd3 Nd7 11. c3 Bb7 12. Qc2 h6 13. O-O-O O-O 14. Rhe1
Rfd8 15. h3 c5 16. Be4 Bxe4 17. Rxe4 cxd4 18. Rexd4 Nc5 19. g3 Rxd4 20. Nxd4 Rd8
21. f4 e5 22. fxe5 Qxe5 23. Qf2 Qe4 24. Qd2 Qg6 25. Qe3 Qd6 26. g4 Qd5 27. Kb1
Ne6 28. h4 Nc5 29. Re1 Qd6 30. Qe5 Qg6+ 31. Qf5 Qxf5+ 32. gxf5 Kf8 33. b4 Nd3
34. Rd1 Nf2 35. Ne6+ Ke7 36. Nxd8 Nxd1 37. Nc6+ Kf6 38. Nxa7 Nxc3+ 39. Kc2 Nd5
40. Kb3 Kxf5 41. Kc4 Ke6 42. Nc8 g5 43. hxg5 hxg5 44. Kd3 Nxb4+ 45. Kd4 Nd5 46.
Ke4 f5+ 47. Kf3 Ke5 48. a3 g4+ 49. Kg3 Ke6 50. Kh4 Kd7 51. Na7 Nc3 52. Kg3 Kc7
53. a4 Kb7 54. Nb5 Nxb5 55. axb5 Kc7 {White resigns} 0-1

[Event "Team 45 45 League T56"]
[Site "Internet Chess Club"]
[Date "2013.03.29"]
[Round "6"]
[White "zepled37"]
[Black "chrisgianno"]
[Result "1/2-1/2"]
[WhiteElo "1516"]
[BlackElo "1662"]
[Opening "KP: Nimzovich defense"]
[ECO "B00"]
[Time "18:02:31"]
[TimeControl "2700+45"]

1. e4 Nc6 2. d4 Nf6 3. Nd2 e5 4. dxe5 Nxe5 5. Ngf3 d6 6. Be2 Be7 7. O-O O-O 8.
h3 Nfd7 9. b3 f5 10. Bb2 fxe4 11. Nxe4 Nxf3+ 12. Bxf3 Nf6 13. Qd4 c5 14. Qd3 Kh8
15. Nxf6 Bxf6 16. Bxf6 Rxf6 17. Be4 Rh6 18. Rad1 Qc7 19. Qf3 Rf6 20. Qh5 g6 21.
Qd5 Rb8 22. Rd2 b6 23. Rfd1 Bb7 24. Qd3 Rd8 25. Qc3 Rf8 26. Bxb7 Qxb7 27. Rxd6
Qe7 28. Rd7 Qe2 29. R7d2 Qe7 30. Rd6 Kg8 31. Rxf6 Rxf6 32. Qd2 Rf5 33. Qd8+ Qf8
34. Qxf8+ Kxf8 35. Kf1 Ke7 36. g4 Rf3 37. Kg2 Rc3 38. Rd2 g5 39. a4 h6 40. f4
gxf4 41. Rf2 Ke6 42. Rxf4 Rxc2+ 43. Kg3 Rc3+ 44. Rf3 Rxf3+ 45. Kxf3 a6 46. h4 b5
47. axb5 axb5 48. Ke4 c4 49. bxc4 bxc4 50. g5 c3 51. Kd3 c2 52. Kxc2 hxg5 53.
hxg5 {Game drawn by mutual agreement} 1/2-1/2

[Event "Team 45 45 League T56"]
[Site "Internet Chess Club"]
[Date "2013.03.30"]
[Round "6"]
[White "Signalman"]
[Black "GoIrish"]
[Result "1-0"]
[WhiteElo "1565"]
[BlackElo "1558"]
[Opening "Alekhine's defense: Scandinavian variation"]
[ECO "B02"]
[Time "09:04:02"]
[TimeControl "2700+45"]

1. e4 Nf6 2. Nc3 d5 3. exd5 Nxd5 4. g3 c6 5. Bg2 Bf5 6. Nf3 e6 7. Nh4 Bg6 8.
Nxg6 hxg6 9. O-O Nd7 10. d4 Qc7 11. Ne4 O-O-O 12. c4 N5f6 13. Ng5 Nb6 14. b3 Qd7
15. Bb2 Qe7 16. h4 Nbd7 17. Re1 Nh7 18. Nxh7 Rxh7 19. Qf3 Qf6 20. Qe2 Bb4 21. d5
Qe7 22. dxc6 bxc6 23. Red1 Kc7 24. a3 Bd6 25. b4 f6 26. Qf3 Nb8 27. c5 Be5 28.
Bxe5+ fxe5 29. Rxd8 Qxd8 30. Rd1 Qe8 31. b5 Rh8 32. Qe4 Rf8 33. Qxe5+ Kc8 34.
bxc6 Nxc6 35. Bxc6 Qxc6 36. Rb1 Qc7 37. Qxe6+ Qd7 38. Rb8+ Kc7 39. Rb7+ {Black
resigns} 1-0

[Event "Team 45 45 League T56"]
[Site "Internet Chess Club"]
[Date "2013.03.31"]
[Round "6"]
[White "BrerRabbit"]
[Black "werty"]
[Result "1/2-1/2"]
[WhiteElo "1478"]
[BlackElo "1569"]
[Opening "Queen's pawn"]
[ECO "A40"]
[Time "14:33:43"]
[TimeControl "2700+45"]

1. d4 c6 2. Bf4 d5 3. e3 Nf6 4. c4 Bf5 5. Nc3 e6 6. Qb3 Qc8 7. Rc1 Nbd7 8. Nf3
Be7 9. h3 O-O 10. Be2 Re8 11. Nh4 Be4 12. Nxe4 Nxe4 13. Nf3 Bd6 14. Bxd6 Nxd6
15. cxd5 exd5 16. O-O Ne4 17. Qd3 Ndf6 18. Ne5 Qc7 19. b4 Nd7 20. Nxd7 Qxd7 21.
Rc2 Qd6 22. Qb3 a6 23. Rfc1 Qf6 24. Bf3 Rac8 25. Bxe4 Rxe4 26. a4 Ree8 27. b5 h6
28. bxc6 Rxc6 29. Rxc6 bxc6 30. Qb6 Re6 31. Rc5 g5 32. Qxa6 h5 33. Qe2 Qxd4 34.
exd4 Rxe2 35. Rxc6 Rd2 36. a5 Rxd4 37. Rc5 Kg7 {Game drawn by mutual agreement}
1/2-1/2

[Event "Team 45 45 League T56"]
[Site "Internet Chess Club"]
[Date "2013.03.31"]
[Round "6"]
[White "chess9793"]
[Black "RedAttack"]
[Result "1-0"]
[WhiteElo "2059"]
[BlackElo "1864"]
[Opening "Petrov: Nimzovich attack"]
[ECO "C42"]
[Time "16:00:24"]
[TimeControl "2700+45"]

1. e4 e5 2. Nf3 Nf6 3. Nxe5 d6 4. Nf3 Nxe4 5. Nc3 Nf6 6. d4 Bg4 7. Be2 Be7 8.
Be3 O-O 9. Qd2 c6 10. O-O-O Nbd7 11. Rdg1 d5 12. h3 Bf5 13. g4 Ne4 14. Qe1 Nxc3
15. Qxc3 Be4 16. h4 Bxf3 17. Bxf3 Bxh4 18. g5 Bxf2 19. Bxf2 a5 20. Kb1 Re8 21.
Bg4 Nf8 22. Bf5 g6 23. Bd3 Qd7 24. Bg3 b5 25. Qd2 b4 26. Qh2 Re6 27. Be5 Rae8
28. Qh6 Rxe5 29. dxe5 Rxe5 30. Re1 Qe6 31. Qh4 c5 32. Rxe5 Qxe5 33. Re1 Qd6 34.
Bf1 Ne6 35. Bh3 c4 36. Bxe6 fxe6 37. Qg4 Kf7 38. Qd4 Qd8 39. Qe5 Qe7 40. Rf1+
Ke8 41. Qb8+ {Black resigns} 1-0

[Event "Team 45 45 League T56"]
[Site "Internet Chess Club"]
[Date "2013.03.30"]
[Round "6"]
[White "IceBox"]
[Black "ben622"]
[Result "1-0"]
[WhiteElo "1917"]
[BlackElo "1961"]
[Opening "Grünfeld: Russian, Smyslov variation"]
[ECO "D98"]
[Time "15:00:06"]
[TimeControl "2700+45"]

1. d4 Nf6 2. c4 g6 3. Nc3 d5 4. Nf3 Bg7 5. Qb3 dxc4 6. Qxc4 O-O 7. e4 Bg4 8. Bf4
Na6 9. Ne5 Nh5 10. Be3 Bxe5 11. dxe5 c6 12. Qb3 Qa5 13. f4 b5 14. Be2 Bxe2 15.
Kxe2 b4 16. Qa4 Qc7 17. Qxa6 bxc3 18. bxc3 Qd7 19. Kf3 f5 20. Qc4+ Kg7 21. exf5
Qxf5 22. g4 Qxe5 23. gxh5 Qxh5+ 24. Kg3 e5 25. Rhf1 Rf7 26. fxe5 Qxe5+ 27. Bf4
Qh5 28. Qd4+ Kg8 29. Qe5 g5 30. Qxg5+ Qxg5+ 31. Bxg5 Rg7 32. Kh4 Re8 33. Rae1
Rxe1 34. Rxe1 h6 35. Bf4 Kf7 36. Re2 Rg6 37. Kh5 {Black resigns} 1-0

[Event "Team 45 45 League T56"]
[Site "Internet Chess Club"]
[Date "2013.03.29"]
[Round "6"]
[White "stile"]
[Black "frank001"]
[Result "1/2-1/2"]
[WhiteElo "1812"]
[BlackElo "1840"]
[Opening "two knights: Max Lange attack, Marshall variation"]
[ECO "C50"]
[Time "16:00:06"]
[TimeControl "2700+45"]

1. e4 e5 2. Nf3 Nc6 3. Bc4 Bc5 4. O-O Nf6 5. d4 exd4 6. e5 d5 7. exf6 dxc4 8.
Re1+ Be6 9. Ng5 Qd5 10. Nc3 Qf5 11. Nce4 O-O-O 12. g4 Qe5 13. Nxe6 fxe6 14. fxg7
Rhg8 15. Bh6 Be7 16. f4 Qd5 17. g5 Qf5 18. Qf3 e5 19. Rf1 d3 20. c3 exf4 21.
Qxf4 Qg6 22. h4 Kb8 23. Rad1 Rge8 24. Ng3 Bc5+ 25. Kh1 Qe6 26. Qf5 Qe7 27. Qxh7
Bd6 28. g8=Q Rxg8 29. Qxe7 Nxe7 30. Ne4 Be5 31. a4 b6 32. Nd2 Ng6 33. Nxc4 Bg3
34. h5 Nf4 35. Rf3 Nxh5 36. Rdxd3 Rxd3 37. Rxd3 Bf4 38. Rh3 Ng7 39. Rh4 Ne6 40.
g6 Bxh6 41. Rxh6 Kc8 42. Ne5 a5 43. b4 Kd8 44. bxa5 bxa5 45. Nc6+ Ke8 46. Nxa5
Nc5 47. Rh7 Nxa4 48. Rxc7 Rxg6 49. Nb7 Nb6 50. c4 Nd7 51. c5 Ne5 52. Nd6+ Kd8
53. Rc8+ Kd7 54. Rf8 Kc6 55. Rf5 Kxc5 56. Rxe5+ Kxd6 {Game drawn by mutual
agreement} 1/2-1/2

[Event "Team 45 45 League T56"]
[Site "Internet Chess Club"]
[Date "2013.03.31"]
[Round "6"]
[White "FlyingTiger"]
[Black "leland"]
[Result "1-0"]
[WhiteElo "1806"]
[BlackElo "1923"]
[Opening "French: Rubinstein variation"]
[ECO "C10"]
[Time "20:01:05"]
[TimeControl "2700+45"]

1. e4 e6 2. d4 d5 3. Nc3 dxe4 4. Nxe4 Nd7 5. Nf3 Ngf6 6. Bd3 Nxe4 7. Bxe4 Nf6 8.
Bg5 Be7 9. Bxf6 Bxf6 10. Qd3 c6 11. O-O-O Qc7 12. Kb1 a5 13. Rhe1 g6 14. h4 Ra6
15. h5 Rb6 16. Ne5 Rg8 17. hxg6 hxg6 18. Rh1 Rb5 19. c4 Rb6 20. Rh7 Rg7 21. Rh8+
Ke7 22. Qa3+ Rb4 23. Nd3 Bxd4 24. Nxb4 axb4 25. Qxb4+ c5 26. Qa3 e5 27. Qa8 Bf5
28. Bxf5 gxf5 29. Qe8+ Kf6 30. Rh6+ Kg5 31. Qh8 Rg6 32. Rh5+ Kf4 33. g3+ Ke4 34.
Rh4+ f4 35. Qh5 Bxf2 36. Qe2+ Be3 37. Qd3+ Kf3 38. g4 Kg3 39. Rdh1 Qc6 40. R1h3+
Kf2 41. Qc2+ Kg1 42. Rh1+ Qxh1 43. Qd1+ {Black resigns} 1-0

[Event "Team 45 45 League T56"]
[Site "Internet Chess Club"]
[Date "2013.03.29"]
[Round "6"]
[White "Jack-ONeill"]
[Black "David1"]
[Result "1/2-1/2"]
[WhiteElo "2062"]
[BlackElo "2253"]
[Opening "Trompowsky attack (Ruth, Opocenský opening)"]
[ECO "A45"]
[Time "14:03:46"]
[TimeControl "2700+45"]

1. d4 Nf6 2. Bg5 h6 3. Bxf6 exf6 4. e3 d5 5. g3 c6 6. Nd2 Bd6 7. Bg2 O-O 8. Ne2
Be6 9. O-O a5 10. Qc1 b5 11. b3 Na6 12. c4 Qd7 13. a3 Rae8 14. cxb5 cxb5 15. Qb2
b4 16. a4 Rc8 17. Rfc1 Nb8 18. Nf3 Nc6 19. Ne1 Ne7 20. Nd3 Bg4 21. Qd2 g5 22.
Ra2 Rxc1+ 23. Nexc1 Qa7 24. Rc2 Bf5 25. Ne2 Rc8 26. Rxc8+ Bxc8 27. Qc1 Bf5 28.
Nc5 Qc7 29. Na6 Qd7 30. Nc5 Qc6 31. h3 Kg7 32. Kh2 h5 33. Kg1 Bg6 34. f4 g4 35.
hxg4 hxg4 36. Kf2 Bc7 37. Qb2 Bb6 38. Qc1 Bf5 39. Bf1 Ng6 40. Bg2 Qd6 41. Nb7
Qe6 {Game drawn by mutual agreement} 1/2-1/2

[Event "Team 45 45 League T56"]
[Site "Internet Chess Club"]
[Date "2013.03.29"]
[Round "6"]
[White "HematiteBrown"]
[Black "Ptzz"]
[Result "1/2-1/2"]
[WhiteElo "2098"]
[BlackElo "2134"]
[Opening "Caro-Kann: Tartakower (fantasy) variation"]
[ECO "B12"]
[Time "13:00:46"]
[TimeControl "2700+45"]

1. e4 c6 2. d4 d5 3. f3 dxe4 4. fxe4 e5 5. Nf3 Bg4 6. c3 Nf6 7. Be2 exd4 8. e5
Ne4 9. O-O dxc3 10. Qa4 Bc5+ 11. Kh1 Bxf3 12. gxf3 Nf2+ 13. Rxf2 Bxf2 14. Nxc3
Qd4 15. Qc2 O-O 16. Ne4 Be3 17. Bxe3 Qxe3 18. Rg1 Nd7 19. Ng5 g6 20. e6 Ne5 21.
exf7+ Kh8 22. Rg3 Rad8 23. Qe4 Qxe4 24. fxe4 Rd2 25. Rh3 h5 26. Bxh5 gxh5 27.
Rxh5+ Kg7 28. Ne6+ Kxf7 29. Nxf8 Kxf8 30. Rxe5 Rxb2 31. a4 Rb4 32. Kg2 Rxa4 33.
Kf3 b5 34. h4 b4 35. Ke3 b3 36. Rf5+ Kg7 37. Kd3 Rb4 38. Rf1 a5 39. Kc3 b2 40.
Rb1 Kf6 41. Rxb2 Rxb2 42. Kxb2 Ke5 43. Kb3 Kxe4 44. Ka4 c5 45. Kxa5 c4 46. Kb4
Kd3 47. h5 c3 48. h6 c2 49. h7 c1=Q 50. h8=Q {Game drawn by mutual agreement}
1/2-1/2

[Event "Team 45 45 League T56"]
[Site "Internet Chess Club"]
[Date "2013.03.29"]
[Round "6"]
[White "Holgate"]
[Black "pmcglothin"]
[Result "1-0"]
[WhiteElo "2014"]
[BlackElo "1828"]
[Opening "Pirc: Austrian attack, 6.Bd3"]
[ECO "B06"]
[Time "14:00:13"]
[TimeControl "2700+45"]

1. e4 g6 2. d4 Bg7 3. Nc3 d6 4. f4 Nf6 5. Nf3 O-O 6. Bd3 Nc6 7. O-O Bg4 8. e5
dxe5 9. dxe5 Nd5 10. h3 Nxc3 11. bxc3 Be6 12. Qe2 Qc8 13. Ba3 Re8 14. Ng5 Bd7
15. Bc4 e6 16. Rad1 Ne7 17. g4 h6 18. Nxf7 Kxf7 19. f5 Kg8 20. f6 Nd5 21. f7+
Kh7 22. fxe8=Q Qxe8 23. Qf3 Bc6 24. Qf7 Ne3 25. Bxe6 Nxd1 26. Rxd1 Qxf7 27. Bxf7
Bxe5 28. Re1 Bf6 29. c4 Rd8 30. Be7 Bd4+ 31. Kf1 Rb8 32. Ke2 Kg7 33. Bd5 Re8 34.
Kd2 Bxd5 35. cxd5 Kf7 36. Bh4 Rxe1 37. Bxe1 Kf6 38. Kd3 Bb6 39. c4 Bc5 40. Ke4
h5 41. Bh4+ Kf7 42. gxh5 gxh5 43. Kf5 Be3 44. Bg5 Bb6 45. Bf4 Ke7 46. Kg5 c6 47.
Kxh5 cxd5 48. cxd5 Kf6 49. Kg4 Kg6 50. Be5 Bd8 51. h4 b5 52. h5+ Kf7 53. Kf5 a5
54. h6 {Black resigns} 1-0

[Event "Team 45 45 League T56"]
[Site "Internet Chess Club"]
[Date "2013.03.30"]
[Round "6"]
[White "FlyingTiger"]
[Black "clarinetref"]
[Result "1-0"]
[WhiteElo "1783"]
[BlackElo "1621"]
[Opening "Robatsch defense: Pseudo-Austrian attack"]
[ECO "B06"]
[Time "20:05:45"]
[TimeControl "2700+45"]

1. e4 g6 2. d4 Bg7 3. Nc3 d6 4. f4 c5 5. Bb5+ Bd7 6. Bxd7+ Nxd7 7. Nf3 cxd4 8.
Nxd4 Qb6 9. Nb3 Ngf6 10. Qe2 a6 11. Be3 Nc5 12. e5 Nfd7 13. Rd1 O-O 14. O-O Rfe8
15. Qf2 Qc6 16. Na5 Qc7 17. b4 Ne6 18. Nd5 Qd8 19. f5 Nc7 20. fxg6 f6 21. gxh7+
Kh8 22. exd6 Nxd5 23. Rxd5 exd6 24. Nxb7 Qe7 25. Bf4 Ne5 26. Nxd6 Red8 27. Rfd1
Bf8 28. Bxe5 fxe5 29. Nf7+ Kxh7 30. Rxd8 Rxd8 31. Nxd8 Qxb4 32. Qf7+ Bg7 33. Ne6
Qg4 34. Qxg7+ Qxg7 35. Nxg7 Kxg7 36. Rd6 {Black resigns} 1-0

[Event "Team 45 45 League T56"]
[Site "Internet Chess Club"]
[Date "2013.03.29"]
[Round "6"]
[White "Aquaman"]
[Black "Berke"]
[Result "1-0"]
[WhiteElo "1358"]
[BlackElo "1436"]
[Opening "Réti v Dutch"]
[ECO "A04"]
[Time "15:00:44"]
[TimeControl "2700+45"]

1. Nf3 f5 2. g3 e6 3. Bg2 Nf6 4. O-O Be7 5. b3 d6 6. Bb2 O-O 7. d3 e5 8. Nbd2
Nh5 9. e3 Qe8 10. Ne1 c6 11. Bf3 Nf6 12. c4 Bd8 13. h3 Nbd7 14. b4 Kh8 15. Kg2
e4 16. dxe4 Nxe4 17. Nxe4 fxe4 18. Be2 Ne5 19. Qxd6 Bf6 20. Bxe5 Bxe5 21. Qd1
Bxa1 22. Qxa1 Bf5 23. Nc2 Rd8 24. Nd4 Bc8 25. a3 Qg6 26. Qb1 Qh6 27. h4 Rde8 28.
Nb3 Qe6 29. Nd4 Qh3+ 30. Kg1 Rf6 31. Qe1 Ref8 32. Bd1 Rg6 33. Ne2 Qf5 34. Nf4
Rh6 35. Be2 Qe5 36. Qd1 Rd6 37. Qc1 Rfd8 38. c5 Rd2 39. Bd1 Be6 40. Nxe6 Qxe6
41. Qb1 h6 42. Bc2 Re8 43. Bb3 Qe5 44. Qc1 Qd4 45. exd4 {Black resigns} 1-0

[Event "Team 45 45 League T56"]
[Site "Internet Chess Club"]
[Date "2013.04.01"]
[Round "6"]
[White "Portola"]
[Black "misuc56"]
[Result "1/2-1/2"]
[WhiteElo "1847"]
[BlackElo "1735"]
[Opening "Queen's pawn game"]
[ECO "D02"]
[Time "08:00:16"]
[TimeControl "2700+45"]

1. d4 d5 2. Nf3 e6 3. Bf4 c6 4. e3 f5 5. Bd3 Nf6 6. h3 Bd6 7. Ne5 Ke7 8. Nd2
Nbd7 9. Ndf3 Qe8 10. g4 Bb8 11. gxf5 exf5 12. Bxf5 Kf8 13. Bxd7 Bxd7 14. Nxd7+
Nxd7 15. Bxb8 Rxb8 16. Rg1 Qh5 17. Rg3 Nf6 18. Ne5 Qxd1+ 19. Kxd1 Rd8 20. Ke2 g6
21. Rf3 Kg7 22. Rg1 Rhf8 23. Nd3 Rde8 24. Ne5 Ne4 25. Rxf8 Rxf8 26. f3 Nf6 27.
b4 a6 28. Nd3 Re8 29. Ne5 Re7 30. a4 Nd7 31. Nxd7 Rxd7 32. c3 h6 33. Rg4 Rf7 34.
h4 Re7 35. f4 h5 36. Rg5 Kf6 37. Kf3 Rh7 38. Re5 Rh8 39. a5 Rd8 40. e4 dxe4+ 41.
Kxe4 Rh8 42. c4 Rd8 43. d5 cxd5+ 44. cxd5 Rc8 45. Re6+ Kf7 46. Rb6 Rc7 47. d6
Rc1 48. Rxb7+ Kf6 49. d7 Ke7 50. Rb6 Kxd7 51. Rxa6 Rc4+ 52. Ke5 Rxb4 53. Rxg6
Rb5+ 54. Ke4 Rxa5 55. Rg5 Ra4+ 56. Kf5 Ke7 57. Rxh5 Kf7 58. Kg4 Kg7 59. Re5 Ra1
60. f5 Rg1+ 61. Kf4 Rf1+ 62. Kg4 Rg1+ 63. Kh5 Kf6 64. Ra5 Rh1 65. Kg4 Rg1+ 66.
Kh5 Rh1 67. Ra6+ Kxf5 68. Ra4 Kf6 69. Kh6 Kf7 70. h5 Rh2 71. Rg4 Kf8 72. Kg6 Kg8
73. Kh6+ Kh8 74. Rc4 Rg2 75. Rc5 Rg1 76. Rg5 Rxg5 77. Kxg5 Kg7 78. h6+ Kh7 79.
Kh5 Kh8 80. Kg6 Kg8 81. h7+ Kh8 82. Kh6 {Black stalemated} 1/2-1/2

[Event "Team 45 45 League T56"]
[Site "Internet Chess Club"]
[Date "2013.03.30"]
[Round "6"]
[White "supermessi"]
[Black "rubo"]
[Result "1-0"]
[WhiteElo "1624"]
[BlackElo "1684"]
[Opening "Budapest: Adler variation"]
[ECO "A52"]
[Time "17:00:31"]
[TimeControl "2700+45"]

1. d4 Nf6 2. c4 e5 3. dxe5 Ng4 4. Nf3 Nc6 5. e3 Bc5 6. Be2 O-O 7. O-O Re8 8. Nc3
a5 9. a4 Ra6 10. Nd5 Ngxe5 11. Nxe5 Nxe5 12. Bd2 Rae6 13. Bxa5 b6 14. Bc3 c6 15.
Nf4 Rh6 16. b4 Bd6 17. Ra2 Bc7 18. Rd2 Qh4 19. h3 d5 20. Bxe5 Bxe5 21. Bg4 f5
22. Bf3 Bxf4 23. exf4 Qxf4 24. cxd5 Rd8 25. Re1 Qxb4 26. Rde2 Kf8 27. Qc1 Qxa4
28. Qg5 Qh4 29. Qxh4 Rxh4 30. dxc6 Ba6 31. Re7 Rhd4 32. Bh5 g6 33. Bf3 h5 34.
Ra7 Bd3 35. Ree7 Be4 36. Rf7+ Kg8 37. Rg7+ Kh8 38. Rh7+ Kg8 39. Rag7+ Kf8 40.
Rf7+ Kg8 41. Rhg7+ Kh8 42. c7 Rc8 43. Rd7 Bxf3 44. gxf3 Rd1+ 45. Kg2 Re1 46.
Rge7 Rxe7 47. Rxe7 Kg8 48. Rd7 Kf8 49. Rd8+ Ke7 50. Rxc8 Kd7 51. Rg8 Kxc7 52.
Rxg6 b5 53. Kf1 b4 54. Ke1 b3 55. Kd2 {Black resigns} 1-0

[Event "Team 45 45 League T56"]
[Site "Internet Chess Club"]
[Date "2013.03.29"]
[Round "6"]
[White "evan7284"]
[Black "rahulr"]
[Result "1-0"]
[WhiteElo "1681"]
[BlackElo "1579"]
[Opening "Dutch"]
[ECO "A80"]
[Time "16:00:46"]
[TimeControl "2700+45"]

1. d4 f5 2. Nf3 Nf6 3. Bg5 b6 4. Bxf6 exf6 5. e3 Bd6 6. Bc4 Bb7 7. Nh4 f4 8.
Qh5+ g6 9. Nxg6 hxg6 10. Qxh8+ Ke7 11. Qg7+ Ke8 12. Qf7# {Black checkmated} 1-0

[Event "Team 45 45 League T56"]
[Site "Internet Chess Club"]
[Date "2013.03.28"]
[Round "6"]
[White "JohLeb"]
[Black "g8wrb"]
[Result "0-1"]
[WhiteElo "1324"]
[BlackElo "1418"]
[Opening "French: advance, Paulsen attack"]
[ECO "C02"]
[Time "12:02:24"]
[TimeControl "2700+45"]

1. d4 e6 2. e4 d5 3. e5 c5 4. c3 Nc6 5. Nf3 Qb6 6. Qc2 Bd7 7. Be3 Rc8 8. Be2
cxd4 9. Nxd4 Nxd4 10. Bxd4 Qxd4 11. Qb3 Qxe5 12. O-O Qxe2 {White resigns} 0-1

[Event "Team 45 45 League T56"]
[Site "Internet Chess Club"]
[Date "2013.03.31"]
[Round "6"]
[White "Chess-Dream"]
[Black "SlimeDog2"]
[Result "1-0"]
[WhiteElo "2165"]
[BlackElo "2084"]
[Opening "English opening"]
[ECO "A05"]
[Time "17:02:15"]
[TimeControl "2700+45"]

1. Nf3 Nf6 2. c4 g6 3. Nc3 d5 4. cxd5 Nxd5 5. Qb3 Nb6 6. d4 Bg7 7. Bf4 Be6 8.
Qa3 Nc6 9. e3 O-O 10. Be2 Nc4 11. Qc5 Nb6 12. O-O Nd5 13. Nxd5 Bxd5 14. Bxc7 Qd7
15. Bg3 Rac8 16. Qa3 a5 17. Rac1 b6 18. b3 Nb4 19. Ne5 Qb7 20. Bf3 Bxe5 21. Bxd5
Qxd5 22. Bxe5 Qe4 23. Qb2 Nd3 24. Qb1 Rxc1 25. Rxc1 Qf5 26. Rf1 Rc8 27. Bg3 Rc3
28. h3 b5 29. Rd1 b4 30. Kh2 Qb5 31. Rd2 g5 32. Qd1 Kg7 33. Qg4 h6 34. Qe4 e6
35. Bd6 Qb6 36. Be5+ Nxe5 37. Qxe5+ f6 38. Qe4 Rc1 39. d5 Qd6+ 40. f4 gxf4 41.
exf4 Rf1 42. Rd3 exd5 43. Qe8 Qxf4+ 44. Rg3+ {Black resigns} 1-0

[Event "Team 45 45 League T56"]
[Site "Internet Chess Club"]
[Date "2013.03.29"]
[Round "6"]
[White "sonoftill"]
[Black "Pason"]
[Result "1-0"]
[WhiteElo "2100"]
[BlackElo "1986"]
[Opening "Queen's pawn"]
[ECO "A40"]
[Time "16:04:18"]
[TimeControl "2700+45"]

1. d4 e6 2. Bf4 c5 3. c3 Nf6 4. e3 b6 5. Nf3 Bb7 6. Nbd2 Be7 7. h3 O-O 8. Bd3
cxd4 9. exd4 Ba6 10. Bxa6 Nxa6 11. O-O b5 12. Qe2 Qb6 13. a4 b4 14. Nc4 Qb7 15.
Nd6 Qc6 16. Ne5 Qd5 17. Ndxf7 Nb8 18. Ng5 bxc3 19. bxc3 Ne8 20. Bd2 d6 21. Nef3
Nc7 22. Rfe1 Rf6 23. c4 Qf5 24. d5 e5 25. Ne4 Rg6 26. Kh1 Nd7 27. Rab1 Qf8 28.
Be3 Qc8 29. Bg5 Bxg5 30. Nexg5 Nc5 31. Qc2 Qe8 32. Ne4 N7a6 33. Nh4 Rh6 34. Nf5
Rh5 35. Nfxd6 Qg6 36. Qd1 Rh4 37. Nxc5 Nxc5 38. Nb5 Rf8 39. Re2 Rxc4 40. Rc1
Rxc1 41. Qxc1 Nd3 42. Qc6 Nxf2+ 43. Kh2 Qh5 44. Qe6+ {Black resigns} 1-0

[Event "Team 45 45 League T56"]
[Site "Internet Chess Club"]
[Date "2013.03.28"]
[Round "6"]
[White "PhoebeXYZ"]
[Black "bgolev"]
[Result "1-0"]
[WhiteElo "2099"]
[BlackElo "1805"]
[Opening "Catalan opening"]
[ECO "E00"]
[Time "18:00:44"]
[TimeControl "2700+45"]

1. d4 Nf6 2. c4 e6 3. g3 d5 4. Nf3 Bb4+ 5. Bd2 Be7 6. Bg2 O-O 7. O-O c6 8. Qc2
Ne4 9. Bf4 Nd7 10. Nfd2 Nxd2 11. Nxd2 Nf6 12. Rfd1 Bd6 13. Bg5 h6 14. Bxf6 Qxf6
15. e4 dxe4 16. Nxe4 Qg6 17. Qb3 Be7 18. Rac1 Rb8 19. Nc5 Bxc5 20. dxc5 e5 21.
Rd6 Qg5 22. Rcd1 Be6 23. h4 Qe7 24. Qd3 f6 25. Kh2 Qf7 26. b3 Rbe8 27. Bh3 Bxh3
28. Kxh3 Re7 29. Qf5 g6 30. Qd3 h5 31. a4 f5 32. a5 a6 33. Kg2 Kh7 34. Rd7 e4
35. Qd6 Rxd7 36. Qxd7 Kg7 37. Qd4+ Qf6 38. Qxf6+ Rxf6 39. Kf1 Rf7 40. Ke2 Re7
41. Ke3 Kh6 42. Kf4 Rf7 43. Rd6 Re7 44. Ke3 Kg7 45. Kd4 Kf7 46. b4 Re6 47. Rd7+
Re7 48. Rxe7+ Kxe7 49. Ke5 Kf7 50. b5 Ke7 51. b6 Kf7 52. Kd6 g5 53. Kc7 gxh4 54.
gxh4 f4 55. Kxb7 e3 56. fxe3 fxe3 57. Kxa6 e2 58. b7 e1=Q 59. b8=Q Qe4 60. Kb6
Qxc4 61. Kxc6 Qa4+ 62. Kb7 Qb5+ 63. Kc8 Qe8+ 64. Kc7 Qe5+ 65. Kb7 Qd5+ 66. c6
Qb5+ 67. Kc8 Qf5+ 68. Kd8 Qd5+ 69. Kc8 Qf5+ 70. Kb7 Qb5+ 71. Ka8 Qd5 72. a6 Kf6
73. Qf8+ Kg6 74. Qe8+ Kf6 75. Qd7 Qb5 76. Qd6+ Kf5 77. c7 Qe8+ 78. Kb7 Qe4+ 79.
Qc6 Qb4+ 80. Ka8 Qf8+ 81. c8=Q+ {Black resigns} 1-0

[Event "Team 45 45 League T56"]
[Site "Internet Chess Club"]
[Date "2013.03.27"]
[Round "6"]
[White "Portola"]
[Black "Freitac"]
[Result "0-1"]
[WhiteElo "1802"]
[BlackElo "1932"]
[Opening "King's Indian: East Indian defense"]
[ECO "A48"]
[Time "20:02:40"]
[TimeControl "2700+45"]

1. d4 Nf6 2. Nf3 g6 3. h3 d5 4. Bf4 Bg7 5. e3 O-O 6. Bd3 c5 7. c3 Nc6 8. Nbd2
Qb6 9. Qb1 cxd4 10. exd4 Be6 11. O-O Na5 12. Re1 Nc4 13. Nxc4 dxc4 14. Bc2 Nd5
15. Bd2 Qc7 16. Qc1 Rac8 17. Ne5 b5 18. a3 a5 19. Re2 Rb8 20. Qe1 Qd6 21. Rb1
Rfc8 22. Ra1 b4 23. axb4 axb4 24. Qc1 b3 25. Bd1 Bf5 26. Re1 f6 27. Ng4 Ra8 28.
Bf3 e6 29. Ne3 Bd3 30. Nxd5 exd5 31. Bf4 Qd7 32. Qd2 Ra2 33. Rxa2 bxa2 34. Ra1
Ra8 35. Qe3 Bb1 36. Qd2 Ra5 37. Bd1 Qb7 38. Bc2 Qxb2 39. Qe3 Ra8 40. Qe6+ Kh8
41. Qxd5 Rf8 42. Rxb1 Qxb1+ 43. Bxb1 axb1=Q+ 44. Kh2 Qf5 45. Qd6 Qe4 46. Be3 Re8
47. Qc5 Qe6 48. d5 Qe5+ 49. g3 Bf8 50. Qxc4 Rd8 51. Bd4 Qxd5 52. Qc7 Bg7 53. Qe7
Qd6 54. Qa7 h5 55. Qf7 h4 56. Qxg6 hxg3+ 57. fxg3 Ra8 58. Qf7 Qc6 59. h4 Re8 60.
Qh5+ Kg8 61. Kh3 Qh1+ 62. Kg4 Qd1+ {White resigns} 0-1